 Dungeon Crawl Stone Soup version 0.23-b1-67-g8bd44de8e4 (webtiles) character file.

Game seed: 13619714944500427408

222 Esekla the Sneak (level 6, -1/43 HPs)
             Began as a Formicid Wanderer on Feb 6, 2019.
             Slain by a scorpion (5 damage)
             ... on level 4 of the Dungeon.
             The game lasted 00:21:49 (2975 turns).

Esekla the Sneak (Formicid Wanderer)                Turns: 2975, Time: 00:21:50

Health: -1/43      AC:  7    Str: 17    XL:     6   Next: 19%
Magic:  8/8        EV: 12    Int: 12    God:
Gold:   92         SH:  0    Dex: 11    Spells: 4/8 levels left

rFire    + . .     SeeInvis +   c - +0 falchion
rCold    . . .     Gourm    .   (no shield)
rNeg     . . .     Faith    .   a - +0 leather armour
rPois    .         Spirit   .   (helmet unavailable)
rElec    .         Reflect  .   h - +0 cloak
rCorr    .         Harm     .   (no gloves)
MR       .....                  d - +0 pair of boots
Stlth    ++........             (no amulet)
HPRegen  0.14/turn              s - ring of protection from fire
MPRegen  0.11/turn              l - +2 ring of protection

@: lethally poisoned (-1 -> -20)
A: permanent stasis, dig shafts and tunnels, four strong arms, antennae 3
a: Dig, Shaft Self


You were on level 4 of the Dungeon.
You were not hungry.

You visited 1 branch of the dungeon, and saw 4 of its levels.

You collected 92 gold pieces.

Inventory:

Hand Weapons
 c - a +0 falchion (weapon)
 e - a +0 dagger
Missiles
 k - 3 javelins (quivered)
Armour
 a - a +0 leather armour (worn)
 d - a +0 pair of boots (worn)
 h - a +0 cloak (worn)
Jewellery
 i - an uncursed ring of protection from cold
 l - a +2 ring of protection (right hand)
 s - a ring of protection from fire (left hand)
Wands
 q - a wand of polymorph (6)
 t - a wand of flame (13)
Scrolls
 g - 2 scrolls of fog {unknown}
 m - 4 scrolls of random uselessness {unknown}
 o - a scroll of identify {unknown}
Potions
 b - a potion of degeneration {unknown}
 j - a potion of flight
 r - a potion of might
Comestibles
 f - 7 rations


   Skills:
 + Level 1.4 Fighting
 + Level 0.4(1.8) Short Blades
 + Level 2.8 Long Blades
 + Level 1.6 Armour
 + Level 1.8 Dodging
 - Level 3.6 Stealth
 + Level 1.6 Spellcasting
 * Level 2.3 Conjurations
 * Level 2.1 Air Magic
 * Level 1.8 Poison Magic
 + Level 1.1 Evocations


You had 4 spell levels left.
You knew the following spells:

 Your Spells              Type           Power        Failure   Level  Hunger
a - Magic Dart            Conj           #...         13%         1    ##.....
c - Mephitic Cloud        Conj/Pois/Air  #.......     38%         3    ####...

Your spell library contained the following spells:

 Spells                   Type           Power        Failure   Level  Hunger
 Call Imp                 Summ           #.......     45%         2    ###....
 Slow                     Hex            #.......     45%         2    ###....
 Conjure Flame            Conj/Fire      #.......     54%         3    ####...
 Blink                    Tloc           Unusable     N/A         2    N/A

Dungeon Overview and Level Annotations

Branches:
Dungeon (3/15)

Altars:
Dithmenos
Wu Jian


Innate Abilities, Weirdness & Mutations

You cannot be hasted, slowed, berserked, paralysed or teleported.
You can dig through walls and to a lower floor.
Your four strong arms can wield two-handed weapons with a shield.
You have a pair of large antennae on your head. (SInv)


Message History

* * * LOW HITPOINT WARNING * * *
You are lethally poisoned!
The scorpion poisons you!
You barely miss the scorpion.
The scorpion is almost dead.
* * * LOW HITPOINT WARNING * * *
You feel sick. The scorpion stings you.
* * * LOW HITPOINT WARNING * * *
You are more poisoned.
The scorpion poisons you!
You hit the scorpion but do no damage.
The scorpion is almost dead.
* * * LOW HITPOINT WARNING * * *
You feel very sick. The scorpion closely misses you.
You hit the scorpion but do no damage.
The scorpion is almost dead.
* * * LOW HITPOINT WARNING * * *
You feel sick. The scorpion stings you.
You die...

#########
#.......#
#.#####.#
##.#####.#
####.....##(#
#...........#
#.##........# #
#.
#....###.##.####.
#. #.#..#
#.@s.(.... #.
#....# ###..#.##.
#.###.#.#### ###
#..........#
##.##.##..##
#.##..#..#
#.###.#..#
#.###.#..#
#........#


You could see a scorpion.

Vanquished Creatures
  A scorpion (D:4)
  An orc priest (D:3)
  An iguana (D:4)
  2 adders (D:2)
  3 oozes
  A dart slug (D:3)
  5 leopard geckos
  8 orcs (D:3)
  4 giant cockroaches
  7 goblins
  5 hobgoblins
  7 jackals
  7 kobolds
  2 quokkas (D:2)
  A ball python (D:3)
  5 bats
  4 frilled lizards
  6 rats
70 creatures vanquished.

Vanquished Creatures (others)
  A rat (D:2)
1 creature vanquished.

Grand Total: 71 creatures vanquished

Notes
Turn   | Place    | Note
-------+----------+-------------------------------------------
     0 | D:1      | Esekla the Formicid Wanderer began the quest for the Orb.
     0 | D:1      | Esekla set off with the following items: a potion of
                  | curing, a +0 falchion, a +0 robe, a +0 dagger, a ration;
                  | and the following spell memorised: Magic Dart; and the
                  | following spells available to memorise: Call Imp, Slow,
                  | Mephitic Cloud, Conjure Flame
     0 | D:1      | Reached XP level 1. HP: 15/15 MP: 2/2
   163 | D:1      | Reached XP level 2. HP: 17/21 MP: 3/3
   554 | D:1      | Reached XP level 3. HP: 26/26 MP: 5/5
  1068 | D:2      | Reached skill level 1 in Conjurations
  1428 | D:2      | Reached XP level 4. HP: 20/32 MP: 6/6
  1433 | D:2      | Learned a level 3 spell: Mephitic Cloud
  2132 | D:3      | Reached skill level 1 in Armour
  2132 | D:3      | Reached skill level 1 in Poison Magic
  2132 | D:3      | Reached XP level 5. HP: 21/37 MP: 7/7
  2146 | D:3      | Found an ornate altar of the Wu Jian Council.
  2300 | D:3      | Found a shadowy altar of Dithmenos.
  2620 | D:3      | HP: 1/37 [orc priest/+0 club (4)]
  2622 | D:3      | You are sucked into a shaft!
  2940 | D:4      | Reached XP level 6. HP: 43/43 MP: 8/8
  2975 | D:4      | Slain by a scorpion

Skill      XL: |  1  2  3  4  5 |
---------------+----------------+-----
Conjurations   | 1 2 |  2.3
Long Blades    | 2 |  2.8
Armour         | 1 |  1.6
Poison Magic   | 1 |  1.8
Air Magic      | 2 |  2.1
Fighting       | |  1.4
Short Blades   | |  0.4
Dodging        | |  1.8
Stealth        | |  3.6
Spellcasting   | |  1.6
Evocations     | |  1.1

Action                   |  1- 3 |  4- 6 || total
-------------------------+-------+-------++-------
Melee: Falchion          |    64 |   136 ||   200
       Dagger            |    33 |     6 ||    39
Throw: Javelin           |     2 |     2 ||     4
 Cast: Magic Dart        |       |    10 ||    10
 Abil: Shaft Self        |       |     1 ||     1
  Use: Potion            |       |     6 ||     6
 Stab: Sleeping          |     8 |     4 ||    12
  Eat: Ration            |     1 |     2 ||     3
Armor: Leather armour    |    31 |    47 ||    78
Dodge: Dodged            |    70 |    69 ||   139
       Rpst.: Falchion   |     9 |    19 ||    28
